 Dungeon Crawl Stone Soup version 0.28-a0-631-g0446da8ef9 (webtiles) character file.

Game seed: 4078409233423849282

2636 jasper the Poker (level 9, -1/66 HPs)
             Began as a Demonspawn Artificer on Oct 9, 2021.
             Was an Elder of Yredelemnul.
             Killed from afar by an orc wizard (3 damage)
             ... with a puff of flame
             ... on level 7 of the Dungeon.
             The game lasted 00:11:25 (7716 turns).

jasper the Poker (Demonspawn Artificer)             Turns: 7716, Time: 00:11:26

Health: -1/66      AC: 11    Str: 19    XL:     9   Next: 35%
Magic:  12/13      EV: 12    Int: 12    God:    Yredelemnul [****..]
Gold:   383        SH:  0    Dex: 17    Spells: 8/8 levels left

rFire   . . .      SeeInvis +   J - +4 halberd
rCold   . . .      Faith    .   (shield currently unavailable)
rNeg    . . .      Spirit   .   z - +0 scale mail
rPois   .          Reflect  .   w - +0 helmet
rElec   .          Harm     .   (no cloak)
rCorr   .          Rampage  .   (no gloves)
Will    .....                   (no boots)
Stlth   ..........              (no amulet)
HPRegen 0.21/turn               x - +6 ring of strength
MPRegen 0.13/turn               E - ring of see invisible

@: marked, on berserk cooldown, slowed, very slow
A: yellow scales 2, demonic guardian 1, weakness stinger 1
a: Renounce Religion, Recall Undead Slaves, Injury Mirror, Animate Dead, Drain
Life


You were on level 7 of the Dungeon.
You worshipped Yredelemnul.
Yredelemnul was greatly pleased with you.
You visited 1 branch of the dungeon, and saw 7 of its levels.

You collected 383 gold pieces.

Inventory:

Hand Weapons
 a - a +0 club
 h - a +4 spear
 m - a +0 hunting sling
 v - a +1 dagger of electrocution
 y - a +5 club of flaming
 G - a +0 scythe
 J - a +4 halberd (weapon)
Missiles
 n - 119 stones (quivered)
 q - 28 poisoned darts
 F - 2 throwing nets
Armour
 b - a +0 leather armour
 c - a +0 ring mail
 j - a +0 helmet
 w - a +0 helmet (worn)
 z - a +0 scale mail (worn)
Jewellery
 i - a ring of flight
 l - a +6 ring of intelligence
 x - a +6 ring of strength (left hand)
 E - a ring of see invisible (right hand)
Wands
 d - a wand of charming (5)
 I - a wand of paralysis (9)
Scrolls
 g - a scroll of brand weapon
 u - a scroll of blinking
 B - a scroll of magic mapping
 D - a scroll of silence
 H - a scroll of enchant weapon
Potions
 f - a potion of berserk rage
 k - 2 potions of cancellation
 o - 3 potions of heal wounds
 p - a potion of brilliance {unknown}
 r - 4 potions of curing {unknown}
 s - 3 potions of resistance {unknown}
 t - a potion of mutation {unknown}
 A - a potion of magic {unknown}
 C - a potion of haste {unknown}
Miscellaneous
 e - a piece from Xom's chessboard (15/15)


   Skills:
 - Level 4.6 Fighting
 + Level 7.9 Polearms
 - Level 4.5 Armour
 - Level 4.2 Dodging
 - Level 0.8 Stealth
 - Level 5.5 Invocations
 - Level 3.3 Evocations


You had 8 spell levels left.
You didn't know any spells.
Your spell library contained the following spells:

 Spells                   Type           Power      Damage    Failure   Level
 Beastly Appendage        Tmut           0%         N/A       67%         1
 Wereblood                Tmut           0%         N/A       80%         2
 Call Canine Familiar     Summ           0%         N/A       95%         3
 Portal Projectile        Hex/Tloc       0%         N/A       95%         3
 Spider Form              Tmut/Pois      0%         N/A       95%         3
 Animate Armour           Summ/Erth      0%         N/A       100%        4
 Leda's Liquefaction      Hex/Erth       0%         N/A       100%        4
 Petrify                  Tmut/Erth      0%         N/A       100%        4
 Blade Hands              Tmut           0%         N/A       100%        5
 Metabolic Englaciation   Hex/Ice        0%         N/A       100%        5
 Iron Shot                Conj/Erth      0%         9d1       100%        6
 Statue Form              Tmut/Erth      0%         N/A       100%        6


Dungeon Overview and Level Annotations

Branches:
Dungeon (7/15)             Temple (0/1) D:4

Altars:
Cheibriados
Okawaru
Ru
Yredelemnul

Annotations:
D:7 3 runed translucent doors, Spaninq's ghost, novice TeAE; helsbecter's ghost, novice MiBe


Innate Abilities, Weirdness & Mutations

You are mostly covered in yellow scales. (AC +3)
A weak demonic guardian rushes to your aid.
You have a small tail.


Message History

Your quasit claws the steam dragon but does no damage. x2
Spaninq's ghost screams, "Don't try to defend!
You have no chance!"
The steam dragon completely misses your quasit.
The steam dragon claws your quasit.
Your quasit closely misses the steam dragon.
Your quasit claws the steam dragon but does no damage. x2
Your iron imp hits the steam dragon!
Your wight is engulfed in a cloud of scalding steam.
Your wight hits the steam dragon with a +3 falchion.
The steam dragon bites your iron imp. The steam dragon claws your iron imp.
You slice the steam dragon!!
You kill the steam dragon!
Yredelemnul accepts your kill.
The steam dragon scales are intact enough to wear.
The orc wizard hits you with a +0 dagger.
* * * LOW HITPOINT WARNING * * *
The orc wizard hits you but does no damage.
Your quasit bites the orc wizard.
Your quasit claws the orc wizard but does no damage.
Your quasit barely misses the orc wizard.
Things that are here:
+0 steam dragon scales; a steam dragon corpse You take 2 damage, and have 5/66 hp.
You closely miss the orc wizard.
The orc wizard is lightly wounded.
Your quasit bites the orc wizard but does no damage.
Your quasit claws the orc wizard but does no damage.
Your quasit barely misses the orc wizard.
The orc wizard hits you with a +0 dagger.
* * * LOW HITPOINT WARNING * * *
Your quasit barely misses the orc wizard.
Your quasit claws the orc wizard.
Your quasit claws the orc wizard but does no damage.
You take 3 damage, and have 2/66 hp.
Your scale mail prevents you from hitting the orc wizard.
The orc wizard is moderately wounded.
The orc wizard gestures at you while chanting.
The puff of flame hits you.
You die...
Your body rises from the dead as a mindless zombie.

#####....# #......#
#....###.###..#
#....'.....#..#
######...##########
................
################
######################.#..
...............z5o))......
.....####.......@#####.#.#
.....'..'.......5.......
.....#######+++####....#
.....# ♣.....WW♣ ...#
.....# #⌠.......⌠# ..#
.....# #♣.......♣# ..
.....# #........"# #
.....# ##8.....8## .....
##[♣⌠♣.##


You could see an orc wizard (ally target), Spaninq's ghost, helsbecter's ghost,
a friendly iron imp (summoned), a friendly wight and a friendly quasit
(summoned).

Vanquished Creatures
  Harold (D:7)
  Sigmund (D:6)
  2 steam dragons
  An ice beast (D:5)
  An orc warrior (D:7)
  2 necrophages
  2 ogres
  A phantom (D:3)
  A scorpion (D:6)
  A water moccasin zombie (D:6)
  A howler monkey (D:4)
  2 hounds
  4 orc priests
  A bullfrog skeleton (D:5)
  A centaur skeleton (D:5)
  An iguana (D:6)
  Ijyb (D:3)
  6 orc wizards
  Terence (D:3)
  A hound zombie (D:5)
  10 adders
  A white imp (D:6)
  2 ufetubi
  2 adder skeletons
  5 dart slugs
  18 orcs
  5 bats
  7 endoplasms
  4 giant cockroaches
  19 goblins
  10 hobgoblins
  5 jackals
  2 quokkas
  6 ball pythons
  A frilled lizard (D:1)
  9 kobolds
  8 rats
146 creatures vanquished.

Vanquished Creatures (collateral kills)
  An orc priest (D:5)
  2 orc wizards (D:7)
  Robin (D:3)
  A white imp (D:7)
  A worm (D:3)
  3 orcs
  An endoplasm (D:3)
  9 goblins
  2 hobgoblins
  2 kobolds (D:6)
  A quokka (D:3)
  A bat (D:3)
25 creatures vanquished.

Vanquished Creatures (others)
  2 orc priests
  2 orc wizards
  A goblin (D:3)
  A hound zombie (D:7)
  3 orc zombies (D:7)
  A plant (D:6)
10 creatures vanquished.

Grand Total: 181 creatures vanquished

Notes
Turn   | Place    | Note
-------+----------+-------------------------------------------
     0 | D:1      | jasper the Demonspawn Artificer began the quest for the
                  | Orb.
     0 | D:1      | Reached XP level 1. HP: 15/15 MP: 1/1
    48 | D:1      | Reached skill level 1 in Dodging
    89 | D:1      | Gained mutation: A weak demonic guardian rushes to your
                  | aid. [demonic ancestry]
    89 | D:1      | Reached XP level 2. HP: 21/21 MP: 2/2
   503 | D:1      | Gained mutation: You are partially covered in yellow
                  | scales. (AC +2) [demonic ancestry]
   503 | D:1      | Reached XP level 3. HP: 23/26 MP: 3/3
   594 | D:1      | Found a faded altar of an unknown god.
   604 | D:1      | Became a worshipper of Yredelemnul the Dark
   604 | D:1      | Reached * piety under Yredelemnul
  1561 | D:2      | Reached skill level 1 in Invocations
  1704 | D:2      | Gained mutation: You are mostly covered in yellow scales.
                  | (AC +3) [demonic ancestry]
  1704 | D:2      | Reached XP level 4. HP: 29/33 MP: 4/4
  2417 | D:3      | Noticed Robin
  2419 | D:3      | Noticed Ijyb
  2430 | D:3      | Killed Robin
  2433 | D:3      | Reached ** piety under Yredelemnul
  2454 | D:3      | Killed Ijyb
  2455 | D:3      | Reached XP level 5. HP: 20/39 MP: 6/6
  2664 | D:3      | Noticed Terence
  2686 | D:3      | Killed Terence
  3503 | D:3      | Found a snail-covered altar of Cheibriados.
  3503 | D:3      | Noticed a phantom
  3516 | D:3      | Killed a phantom
  3517 | D:3      | Reached XP level 6. HP: 35/47 MP: 6/8
  4152 | D:4      | Found a staircase to the Ecumenical Temple.
  4190 | D:4      | Reached XP level 7. HP: 53/53 MP: 8/10
  4603 | D:5      | Entered Level 5 of the Dungeon
  4908 | D:5      | Noticed a steam dragon
  4920 | D:5      | Killed a steam dragon
  4921 | D:5      | Reached skill level 5 in Invocations
  5268 | D:5      | Reached *** piety under Yredelemnul
  5535 | D:5      | Gained mutation: You have a small tail. [demonic ancestry]
  5535 | D:5      | Reached XP level 8. HP: 43/61 MP: 12/12
  5670 | D:5      | Reached skill level 1 in Polearms
  5760 | D:5      | Found an iron altar of Okawaru.
  5806 | D:5      | Reached skill level 2 in Polearms
  6236 | D:6      | Reached skill level 3 in Polearms
  6442 | D:6      | Noticed Sigmund
  6467 | D:6      | Killed Sigmund
  6468 | D:6      | Reached skill level 4 in Polearms
  6501 | D:6      | Found a sacrificial altar of Ru.
  6600 | D:6      | Received a gift from Yredelemnul (a wight)
  6686 | D:6      | Reached skill level 5 in Polearms
  7429 | D:7      | Reached **** piety under Yredelemnul
  7499 | D:7      | Reached skill level 6 in Polearms
  7657 | D:7      | Found a runed translucent gate.
  7657 | D:7      | Found a runed translucent gate.
  7657 | D:7      | Found a runed translucent gate.
  7658 | D:7      | Noticed helsbecter's ghost (novice MiBe)
  7659 | D:7      | Noticed Spaninq's ghost (novice TeAE)
  7669 | D:7      | Noticed Harold
  7702 | D:7      | Killed Harold
  7703 | D:7      | Reached skill level 7 in Polearms
  7703 | D:7      | Reached XP level 9. HP: 30/66 MP: 13/13
  7715 | D:7      | HP: 2/66 [orc wizard (3)]
  7716 | D:7      | Killed from afar by an orc wizard

Illustrated notes

Levels and vault maps discovered:
D:1:      minmay_arrival_stair_chambers, layout_basic,
          hellmonk_ecumenical_altar_slurped_away, grunt_decor_mini_mirrors,
          chequers_decorated_corner, grunt_decor_cap, hangedman_decor_growths
D:2:      layout_loops_corners, hex_medium, dk_noncrumbling_2,
          minmay_misc_feat_secret_circle, serial_park_tiny_2,
          minmay_fractal_squares_5
D:3:      layout_loops_ring, overflow_temple_1_default,
          amcnicky_mini_pool_small, saegor_snake_ambush, uniq_robin,
          uniq_terence, uniq_ijyb
D:4:      kennysheep_spiral_hall, layout_cave_pools, temple_fountains,
          portal_sewer_entry_d, minmay_misc_feat_rugged
D:5:      layout_basic, kennysheep_okawaru_gauntlet
D:6:      corexii_shack_village, layout_loops_corners,
          nicolae_ru_great_annihilating_truth, uniq_sigmund
D:7:      layout_basic, minitemple, gammafunk_ghost_cemetery, uniq_harold

Skill      XL: |  1  2  3  4  5  6  7  8 |
---------------+-------------------------+-----
Dodging        | 1 2 3 4 |  4.2
Armour         | 2 3 4 |  4.5
Fighting       | 2 3 4 |  4.6
Invocations    | 1 2 3 4 5 |  5.5
Polearms       | 7 |  7.9
Stealth        | |  0.8
Evocations     | |  3.3

Action                   |  1- 3 |  4- 6 |  7- 9 || total
-------------------------+-------+-------+-------++-------
Melee: Club              |   114 |    80 |   183 ||   377
       Dagger            |       |    95 |       ||    95
       Tailslap          |       |       |    23 ||    23
       Halberd           |       |       |    28 ||    28
Throw: Dart              |       |     4 |       ||     4
       Stone             |       |     3 |    22 ||    25
Invok: Animate Dead      |       |       |     7 ||     7
       Recall Undead Sla |       |       |     1 ||     1
Evoke: Wand              |    17 |    14 |    13 ||    44
       Piece from Xom's  |       |       |     1 ||     1
  Use: Scroll            |       |     9 |     3 ||    12
       Potion            |       |       |     3 ||     3
 Stab: Distracted        |       |     1 |       ||     1
       Petrified         |       |       |    11 ||    11
       Paralysed         |       |       |     1 ||     1
Armor: Leather armour    |    16 |       |       ||    16
       Ring mail         |    65 |    38 |       ||   103
       Scale mail        |       |    56 |   119 ||   175
       Skin              |       |     1 |       ||     1
Dodge: Dodged            |    82 |    99 |   109 ||   290

Table legend: (Time is in decaauts)
 A = Elapsed time spent in this place.
 B = Non-inter-level travel time spent in this place.
 C = Inter-level travel time spent in this place.
 D = Time resting spent in this place.
 E = Time spent auto-exploring this place.
 F = Levels seen in this place.
 G = Mean time per level.
                   A        B        C        D        E       F      G
               +--------+--------+--------+--------+--------+-----+--------+
         Total |   7856 |   7616 |    240 |    371 |   5669 |   7 | 1122.3 |
       Dungeon |   7856 |   7616 |    240 |    371 |   5669 |   7 | 1122.3 |
               +--------+--------+--------+--------+--------+-----+--------+

Top non-repeatable levels by time:
     D:3: 1556 daAuts
     D:6: 1425 daAuts
     D:5: 1408 daAuts
     D:2: 1162 daAuts
     D:1: 1005 daAuts
     D:4: 958 daAuts
     D:7: 338 daAuts
